 Dungeon Crawl Stone Soup version 0.30-a0-242-g7bf8e6d787 (webtiles) character file.

Game seed: 16395069503527658177

257 koil the Covert (level 5, -3/25 HPs)
             Began as a Spriggan Enchanter on Oct 11, 2022.
             Killed by nerve-wracking pain
             ... invoked by Grinder
              (11 damage)
             ... on level 4 of the Dungeon.
             The game lasted 00:15:04 (2938 turns).

koil the Covert (Spriggan Enchanter)                Turns: 2938, Time: 00:15:09

Health: -3/25      AC:  2    Str:  4    XL:     5   Next: 93%
Magic:  5/10       EV: 18    Int: 16    God:
Gold:   161        SH:  0    Dex: 18    Spells: 4/9 levels left

rFire   . . .      SeeInvis +    a - +2 dagger (venom)
rCold   . . .      Faith    .    (no shield)
rNeg    . . .      Spirit   .    q - +0 robe
rPois   .          Reflect  .    (helmet restricted)
rElec   .          Harm     .    (no cloak)
rCorr   .          Rampage  .    (gloves unavailable)
Will    .....                    (boots unavailable)
Stlth   ++++......               (no amulet)
HPRegen 0.24/turn                (no ring)
MPRegen 0.12/turn                (no ring)

@: very quick
A: very small, no large weapons, unfitting armour, see invisible, speed 3
a: no special abilities


You were on level 4 of the Dungeon.
You visited 1 branch of the dungeon, and saw 4 of its levels.

You collected 161 gold pieces.

Inventory:

Hand Weapons
 a - a +2 dagger of venom (weapon)
 b - the +9 hand axe of the Extremes {freeze, rElec rF++ rC+ Int-4}
   (You found it on level 2 of the Dungeon)

   It freezes those it strikes, dealing additional cold damage.
   It can also slow down cold-blooded creatures.
   Int:       It affects your intelligence (-4).
   rF:        It greatly protects you from fire.
   rC:        It protects you from cold.
   rElec:     It insulates you from electricity.
 g - a +1 dagger
 v - a +0 arbalest of flaming
 w - the +6 hand axe "Addatueb" {vorpal, rC++ Str+2}
   (You found it on level 4 of the Dungeon)

   It inflicts extra damage upon your enemies.
   Str:       It affects your strength (+2).
   rC:        It greatly protects you from cold.
Missiles
 l - 3 atropa-tipped darts (quivered)
Armour
 q - a +0 robe (worn)
Jewellery
 j - an amulet of faith
 o - a ring of wizardry
Wands
 s - a wand of digging (4)
Scrolls
 d - a scroll of enchant armour {unknown}
 e - 2 scrolls of magic mapping {unknown}
 f - a scroll of immolation {unknown}
 h - 2 scrolls of silence {unknown}
 i - 2 scrolls of teleportation {unknown}
 k - a scroll of noise {unknown}
 m - 3 scrolls of identify {unknown}
 p - a scroll of blinking {unknown}
 u - a scroll of vulnerability {unknown}
 x - a scroll of fear {unknown}
Potions
 c - 2 potions of invisibility
 n - 3 potions of lignification {unknown}
 r - 3 potions of curing {unknown}
 t - a potion of degeneration {unknown}


   Skills:
 + Level 1.0 Fighting
 + Level 2.5 Short Blades
 + Level 3.8 Dodging
 + Level 8.2 Stealth
 + Level 2.9 Spellcasting
 + Level 4.2 Hexes


You had 4 spell levels left.
You knew the following spells:

 Your Spells              Type           Power      Damage    Failure   Level
a - Ensorcelled Hibernat  Hex/Ice        18%        N/A       12%         2
b - Confusing Touch       Hex            15%        N/A       10%         3

Your spell library contained the following spells:

 Spells                   Type           Power      Damage    Failure   Level
 Tukima's Dance           Hex            15%        N/A       10%         3
 Dazzling Flash           Conj/Hex       18%        N/A       24%         3


Dungeon Overview and Level Annotations

Branches:
Dungeon (4/15)
 Temple: D:4-7

Altars:
Zin

Shops:
D:2 (:([

Annotations:
D:4 Grinder


Innate Abilities, Weirdness & Mutations

You are very small and have problems with some larger weapons.
You are too small for most types of armour.
You have supernaturally acute eyesight. (SInv)
You cover ground extremely quickly. (Speed+++)


Message History

You strike the helpless Grinder from behind!
You impale Grinder!!
Grinder is heavily wounded.
The iguana bites you. Grinder misses you.
You hit Grinder but do no damage.
Grinder is heavily wounded.
The iguana closely misses you. Grinder closely misses you.
You completely miss Grinder.
Grinder is heavily wounded.
The iguana misses you. Grinder hits you.
You writhe in agony.
* * * LOW HITPOINT WARNING * * *
You hit Grinder.
Grinder is heavily wounded.
The iguana completely misses you.
Found 12 gold pieces.
You hit Grinder.
Grinder is severely wounded.
You hit Grinder.
Grinder is poisoned.
Grinder is severely wounded.
The iguana misses you. Grinder misses you.
Casting: Confusing Touch (quite dangerous; 10% risk of failure)
Confirm with . or Enter, or press ? or * to list all spells.
Aiming: Ensorcelled Hibernation (safe; 12% risk of failure)
Press: ? - help, Shift-Dir - straight line, f - iguana
Aim: an iguana (chance to affect: 51%)
The iguana resists with significant effort.
Casting: Ensorcelled Hibernation (safe; 12% risk of failure)
Confirm with . or Enter, or press ? or * to list all spells.
Aiming: Ensorcelled Hibernation (safe; 12% risk of failure)
Press: ? - help, Shift-Dir - straight line, f/p - iguana
Aim: an iguana (chance to affect: 51%)
The iguana looks drowsy...
The helpless iguana fails to defend itself.
You perforate the iguana like a sieve!!!
You kill the iguana!
Grinder seems less confused.
Grinder gestures at you. Pain shoots through your body!
You die...

.#≈o# #.≈# .#≈.##
#.≈###.# .#≈..
#.≈#$..#
'#≈########.≈#...#
.'..........≈#...#
.#≈≈≈≈≈≈≈≈≈.≈#...#
.##########'##...+
## #............#
#.##.......†@+
#........5...#
###..........#
#........######
#........#
#........#
########.. #...
#....


You could see Grinder (poisoned).

Vanquished Creatures
  A phantom (D:3)
  An iguana (D:4)
  An orc wizard (D:3)
  3 gnolls (D:4)
  3 adders
  A worm (D:2)
  2 dart slugs
  4 orcs (D:3)
  5 endoplasms
  2 giant cockroaches
  7 goblins
  7 hobgoblins
  2 jackals (D:2)
  2 kobolds
  7 quokkas
  9 ball pythons
  4 bats
  14 frilled lizards
  28 rats
103 creatures vanquished.

Vanquished Creatures (others)
  7 plants (D:2)
7 creatures vanquished.

Grand Total: 110 creatures vanquished

Notes
Turn   | Place    | Note
-------+----------+-------------------------------------------
     0 | D:1      | koil the Spriggan Enchanter began the quest for the Orb.
     0 | D:1      | Reached XP level 1. HP: 9/9 MP: 5/5
    63 | D:1      | Found a glowing silver altar of Zin.
   106 | D:1      | Reached XP level 2. HP: 12/13 MP: 6/6
   111 | D:1      | Learned a level 2 spell: Ensorcelled Hibernation
   167 | D:1      | Reached skill level 5 in Stealth
   592 | D:1      | Reached XP level 3. HP: 16/16 MP: 8/8
   859 | D:2      | Found Gariz's Antique Weapon Boutique.
  1000 | D:2      | Found Daghi's Book Shoppe.
  1024 | D:2      | Found Jiusofro's Weapon Emporium.
  1156 | D:2      | Reached skill level 6 in Stealth
  1204 | D:2      | Found Caewoacsuri's Armour Boutique.
  1694 | D:2      | Identified the +9 hand axe of the Extremes {freeze, rElec
                  | rF++ rC+ Int-4}
  1773 | D:2      | Reached XP level 4. HP: 21/21 MP: 9/9
  1875 | D:3      | Found a faded altar of an unknown god.
  1939 | D:3      | Noticed a phantom
  1978 | D:3      | Learned a level 3 spell: Confusing Touch
  1993 | D:3      | Killed a phantom
  1994 | D:3      | Reached skill level 7 in Stealth
  1994 | D:3      | Reached XP level 5. HP: 11/25 MP: 7/10
  2373 | D:3      | Reached skill level 8 in Stealth
  2726 | D:4      | Identified the +6 hand axe "Addatueb" {vorpal, rC++ Str+2}
  2768 | D:4      | Reached skill level 1 in Fighting
  2908 | D:4      | Noticed Grinder
  2938 | D:4      | Killed from afar by Grinder

Illustrated notes

Levels and vault maps discovered:
D:1:      psy_arrival_conway, layout_loops_ring, chequers_serial_rivers_micro_e,
          dk_noncrumbling_3, minmay_hexomino_r4
D:2:      layout_loops_corners, serial_forest, infiniplex_forest_corner_1,
          infiniplex_forest_lined_corner, infiniplex_forest_lined_2,
          infiniplex_forest_corner_1, infiniplex_forest_clump_curved,
          infiniplex_forest_lined_corner, infiniplex_forest_clump_small,
          serial_shops, nicolae_shop_statue_plus, nicolae_shop_stone,
          nicolae_square_shop, shop_statue, minmay_lizard_king
D:3:      layout_basic, hellmonk_ecumenical_altar_arch_garden,
          grunt_ministairs_6, minmay_rat_hole
D:4:      minmay_polygon_palace, layout_basic, kennysheep_small_spiral,
          uniq_grinder, uniq_eustachio, uniq_pikel

Skill      XL: |  1  2  3  4  5 |
---------------+----------------+-----
Stealth        | 5 6 7 8 |  8.2
Hexes          | 4 |  4.2
Dodging        | 3 |  3.8
Short Blades   | 2 |  2.5
Fighting       | 1 |  1.0
Spellcasting   | |  2.9

Action                   |  1- 3 |  4- 6 || total
-------------------------+-------+-------++-------
Melee: Dagger            |   137 |   116 ||   253
       Punch             |     1 |       ||     1
       Hand axe          |       |    16 ||    16
 Cast: Confusing Touch   |       |     2 ||     2
       Ensorcelled Hiber |       |     2 ||     2
 Stab: Sleeping          |    14 |     8 ||    22
       Confused          |       |     3 ||     3
       Distracted        |       |     1 ||     1
Armor: Robe              |    11 |     7 ||    18
Dodge: Dodged            |    90 |    83 ||   173

Table legend: (Time is in decaauts)
 A = Elapsed time spent in this place.
 B = Non-inter-level travel time spent in this place.
 C = Inter-level travel time spent in this place.
 D = Time resting spent in this place.
 E = Time spent auto-exploring this place.
 F = Levels seen in this place.
 G = Mean time per level.
                   A        B        C        D        E       F      G
               +--------+--------+--------+--------+--------+-----+--------+
         Total |   2000 |   1901 |     99 |     97 |   1200 |   4 |  500.0 |
       Dungeon |   2000 |   1901 |     99 |     97 |   1200 |   4 |  500.0 |
               +--------+--------+--------+--------+--------+-----+--------+

Top non-repeatable levels by time:
     D:2: 625 daAuts
     D:3: 623 daAuts
     D:1: 583 daAuts
     D:4: 168 daAuts
